 Dungeon Crawl Stone Soup version 0.27-a0-705-ga0013940fb (webtiles) character file.

Game seed: 17667002466206149357

70 jestyr24 the Skirmisher (level 4, -4/37 HPs)
             Began as a Palentonga Fighter on Mar 22, 2021.
             Slain by a gnoll
             ... wielding a +0 halberd
              (10 damage)
             ... on level 2 of the Dungeon.
             The game lasted 00:03:24 (1490 turns).

jestyr24 the Skirmisher (Palentonga Fighter)        Turns: 1490, Time: 00:03:25

Health: -4/37      AC:  6    Str: 21    XL:     4   Next: 4%
Magic:  4/4        EV:  5    Int:  8    God:
Gold:   36         SH:  9    Dex:  9    Spells: 3/3 levels left

rFire    . . .     SeeInvis +   a - +0 long sword
rCold    . . .     Faith    .   c - +0 kite shield
rNeg     . . .     Spirit   .   b - +0 scale mail
rPois    .         Reflect  .   (no helmet)
rElec    .         Harm     .   (no cloak)
rCorr    .         Rampage  .   (no gloves)
Will     .....                  (no barding)
Stlth    ..........             (no amulet)
HPRegen  0.12/turn              e - ring of wizardry
MPRegen  0.09/turn              (no ring)

@: no status effects
A: large, rugged brown scales 3, see invisible, deformed body, roll 1, armoured
tail
a: Rolling Charge


You were on level 2 of the Dungeon.
You visited 1 branch of the dungeon, and saw 2 of its levels.

You collected 36 gold pieces.

Inventory:

Hand Weapons
 a - a +0 long sword (weapon)
Missiles
 h - 5 boomerangs of dispersal
Armour
 b - a +0 scale mail (worn)
 c - a +0 kite shield (worn)
Jewellery
 e - a ring of wizardry (right hand)
 g - a +6 ring of dexterity
 i - a +4 ring of protection
Scrolls
 j - a scroll of teleportation {unknown}
 k - a scroll of amnesia {unknown}
Potions
 d - a potion of might
 f - a potion of curing {unknown}


   Skills:
 + Level 3.3 Fighting
 + Level 2.7 Long Blades
 + Level 3.0 Armour
 + Level 0.7 Dodging
 + Level 2.7 Shields


You had 3 spell levels left.
You didn't know any spells.
Your spell library was empty.

Dungeon Overview and Level Annotations

Branches:
Dungeon (2/15)

Altars:


Innate Abilities, Weirdness & Mutations

You are completely covered in rugged brown scales. (AC +3, +7% HP)
You have supernaturally acute eyesight. (SInv)
Armour fits poorly on your strangely shaped body.
You can roll at nearby foes to attack.
You have a long armoured tail.


Message History

Found a stone staircase leading up.
A kobold comes into view. It is wielding a +0 whip.
The kobold shouts!
A kobold is nearby!
A goblin comes into view. It is wielding a +0 club.
The goblin shouts!
A giant cockroach comes into view.
You block the kobold's attack.
You hit the kobold but do no damage. The kobold hits you but does no damage.
You slash the kobold!
You kill the kobold!
You slash the goblin!
You kill the goblin!
You block the giant cockroach's attack.
You hit the giant cockroach.
You kill the giant cockroach!
You now have 36 gold pieces (gained 6).
Things that are here:
a +0 club; a +0 whip; a kobold corpse
Found a stone staircase leading down.
There is a stone staircase leading up here.
There is a stone staircase leading down here. 2 gnolls come into view.
The gnoll shouts! x2; You hear a shout!
A gnoll comes into view. It is wielding a +0 halberd.
The gnoll barely misses you.
You block the gnoll's attack. x2; The gnoll hits you with a +0 halberd.
You hit the gnoll.
Your tail-slap misses the gnoll.
The gnoll is moderately wounded.
The gnoll hits you with a +0 spear. The gnoll hits you with a +0 halberd!
The gnoll barely misses you.
You slash the gnoll!
You kill the gnoll!
You block the gnoll's attack.
The gnoll hits you from afar with a +0 halberd!
* * * LOW HITPOINT WARNING * * *
You have reached level 4!
You feel stronger.
The gnoll hits you from afar with a +0 halberd!
You die...

###.###.#
#.......#
#......##
#.....###
#.....>.#
#.......#
#######.#
#.#
#@####
#)...#
###gg#
.....
.##### .#
.# .. ##


You could see 2 gnolls.

Vanquished Creatures
  2 adders (D:2)
  A gnoll (D:2)
  2 dart slugs (D:1)
  A giant cockroach (D:2)
  3 goblins (D:2)
  4 hobgoblins (D:1)
  2 jackals (D:2)
  An ooze (D:2)
  4 quokkas
  3 ball pythons (D:1)
  3 bats
  3 frilled lizards (D:1)
  6 kobolds
  2 rats (D:1)
37 creatures vanquished.

Notes
Turn   | Place    | Note
-------+----------+-------------------------------------------
     0 | D:1      | jestyr24 the Palentonga Fighter began the quest for the
                  | Orb.
     0 | D:1      | Reached XP level 1. HP: 19/19 MP: 1/1
   154 | D:1      | Reached XP level 2. HP: 19/25 MP: 2/2
  1053 | D:2      | Reached XP level 3. HP: 21/31 MP: 3/3
  1490 | D:2      | Reached XP level 4. HP: 6/37 MP: 4/4
  1490 | D:2      | Slain by a gnoll

Illustrated notes

Levels and vault maps discovered:
D:1:      shiori_shiawase, layout_loops_ring
D:2:      minmay_razor_zed, layout_loops_ring, chequers_ecumenical_altar_simple,
          grunt_decor_resistance

Skill      XL: |  1  2  3 |
---------------+----------+-----
Armour         | 3 |  3.0
Fighting       | |  3.3
Long Blades    | |  2.7
Dodging        | |  0.7
Shields        | |  2.7

Action                   |  1- 3 |  4- 6 || total
-------------------------+-------+-------++-------
Melee: Long sword        |   107 |       ||   107
       Tailslap          |     5 |       ||     5
Armor: Scale mail        |    70 |       ||    70
Dodge: Dodged            |    32 |       ||    32
Block: Kite shield       |    59 |       ||    59
       Rpst.: Long sword |    16 |       ||    16

Table legend: (Time is in decaauts)
 A = Elapsed time spent in this place.
 B = Non-inter-level travel time spent in this place.
 C = Inter-level travel time spent in this place.
 D = Time resting spent in this place.
 E = Time spent auto-exploring this place.
 F = Levels seen in this place.
 G = Mean time per level.
                   A        B        C        D        E       F      G
               +--------+--------+--------+--------+--------+-----+--------+
         Total |   1543 |   1442 |    101 |    146 |    890 |   2 |  771.5 |
       Dungeon |   1543 |   1442 |    101 |    146 |    890 |   2 |  771.5 |
               +--------+--------+--------+--------+--------+-----+--------+

Top non-repeatable levels by time:
     D:1: 1066 daAuts
     D:2: 476 daAuts
